[Event "Late-Titled-Tuesday-Blitz-March-19-2024"]
[Site "Chess.com"]
[Date "2024.03.19"]
[Round "3"]
[White "Redzishchess"]
[Black "SaqoChess_Twitch"]
[Result "1-0"]
[WhiteElo "2505"]
[BlackElo "2646"]
[TimeControl "180+1"]
[EndTime "14:29:13 PDT"]
[Termination "Redzishchess won by resignation"]

1. d4 d5 2. c4 e6 3. Nf3 Nf6 4. g3 Be7 5. Bg2 O-O 6. O-O dxc4 7. Ne5 Nc6 8. Bxc6 bxc6 9. Nxc6 Qe8 10. Nxe7+ Qxe7 11. Qc2 e5 12. dxe5 Qxe5 13. Bf4 Qh5 14. Nc3 Bh3 15. Rfd1 Ng4 16. f3 Nxh2 17. Rd5 Nxf3+ 18.
exf3 Qxf3 19. Qe4 Qg4 20. Rg5 Qd7 21. Rd1 Qe6 22. Re5 Qg4 23. Rg5 Qe6 24. Qxe6 Bxe6 25. Bxc7 Rfc8 26. Be5 g6 27. Ne4 h6 28. Nf6+ Kf8 29.
Bd6+ Kg7 30. Nh5+ Kh7 31. Nf6+ Kg7 32. Nh5+ Kg8 33. Nf6+ Kh8 34. Rc5 Rxc5 35. Bxc5 g5 36. Bd4 Kg7 37. Bc3 Kg6 38. Rd6 h5 39. Kf2 h4 40.
gxh4 gxh4 41. Kg2 h3+ 42. Kh2 Rb8 43. Ng4 Rb5 44. Ne5+ Kg5 45. Nf3+ Kf4 46. Ng1 Ke4 47. Rd4+ Ke3 48. Rh4 Rf5 49. Nxh3 Rf3 50. Ng5 Rf2+ 51. Kg1 Rc2 52. Nxe6 fxe6 53. Rxc4 Kf3 54. Rc7 a6 55. Be5 Re2 56. Bc3 Rc2 57. Rf7+ Kg3 58. Kf1 a5 59. Ke1 a4 60. Kd1 Rg2 61. Rg7+ Kf3 62.
Rxg2 Kxg2 63. Kd2 Kf3 64. a3 Kf4 65. Kd3 e5 66. Bxe5+ Kxe5 67. Kc4 Kd6 68. Kb4 Kc6 69. Kxa4 Kb6 70. Kb4 Ka6 71. a4 Kb6 72. a5+ Ka6 73.
Ka4 Ka7 74. Kb5 Kb7 75. b4 Ka7 76. Kc5 Ka6 77. b5+ Kxa5 78. b6 Ka6 79. Kc6 Ka5 80.
b7 Kb4 81. b8=Q+ Kc4 82. Qb5+ Kd4 83. Qd5+ Kc3 84. Kc5 Kb2 85. Qd4+ Ka3 86. Kc4 Ka2 87. Qb6 Ka1 88. Kc3 1-0

[Event "Late-Titled-Tuesday-Blitz-March-19-2024"]
[Site "Chess.com"]
[Date "2024.03.19"]
[Round "3"]
[White "AradNazari"]
[Black "bitter-cikolata"]
[Result "1-0"]
[WhiteElo "2760"]
[BlackElo "2511"]
[TimeControl "180+1"]
[EndTime "14:29:14 PDT"]
[Termination "AradNazari won by resignation"]

1. e4 e5 2. f4 d5 3. exd5 e4 4. d3 Qxd5 5. Nc3 Bb4 6. Bd2 Bxc3 7.
Bxc3 Nf6 8. Bxf6 gxf6 9. dxe4 Qxe4+ 10. Qe2 Qxe2+ 11. Bxe2 Nc6 12. c3 Be6 13. Bf3 O-O-O 14. Ne2 Rhe8 15. b3 Bf5 16. Rd1 Rxd1+ 17. Kxd1 Be4 18.
Bxe4 Rxe4 19. Kd2 Ne7 20. Re1 Nd5 21. g3 f5 22. a3 c5 23. c4 Nf6 24. Nc3 Rd4+ 25. Kc2 Ne4 26. Re2 a6 27. Nd5 Kd7 28.
g4 Ke6 29. Nc3 Kf6 30. Nd5+ Ke6 31. h3 fxg4 32. hxg4 f5 33. g5 Kd6 34. Rh2 b5 35.
Rh6+ Kd7 36. Rxh7+ Kc6 37. Rh6+ Kd7 38. Ne3 Rd2+ 39.
Kc1 Rf2 40. Nxf5 Rxf4 41. Ne3 Nxg5 42. Rxa6 bxc4 43. Nxc4 Rd4 44. a4 Ne4 45. Kb2 Nd2 46.
Ne5+ Kc7 47. Rc6+ Kb7 48. Rxc5 Rb4 49. Kc3 Re4 50. Kxd2 1-0

[Event "Late-Titled-Tuesday-Blitz-March-19-2024"]
[Site "Chess.com"]
[Date "2024.03.19"]
[Round "3"]
[White "Hrant_ChessMood"]
[Black "nabukatnezarr"]
[Result "0-1"]
[WhiteElo "2931"]
[BlackElo "2578"]
[TimeControl "180+1"]
[EndTime "14:29:14 PDT"]
[Termination "nabukatnezarr won by resignation"]

1. c4 Nf6 2. g3 g6 3. Bg2 d5 4.
cxd5 Nxd5 5. Nc3 Nxc3 6. bxc3 Bg7 7. Rb1 c6 8. h4 h6 9. Nf3 O-O 10. d4 Nd7 11. Bf4 Nb6 12. Qd2 Kh7 13. e4 Be6 14. h5 g5 15. Bxg5 hxg5 16. Nxg5+ Kh8 17. h6 Bf6 18. Nxe6 fxe6 19. f4 e5 20. Rd1 exf4 21. gxf4 e6 22. e5 Bh4+ 23. Ke2 Be7 24. Rdf1 Rg8 25. Be4 Nd5 26. Qd3 Qa5 27. Kd2 Qxa2+ 28. Qc2 Qxc2+ 29. Kxc2 Ne3+ 30. Kb3 Nxf1 31. Rxf1 Raf8 32.
Bd3 Rg4 33. f5 exf5 34. Be2 Rg5 35. Bf3 f4 36. Kc4 Rg6 37. Kd3 Rxh6 38. c4 Rh3 39. d5 Rd8 40. Ke4 Bf8 41. Rd1 cxd5+ 42. cxd5 Rh6 43.
Kxf4 a5 44. Ke4 a4 45. e6 a3 46. Kf5 Be7 47. Be4 Rf8+ 48. Ke5 Rh5+ 49. Kd4 Bf6+ 50.
Kc5 a2 51. Kd6 a1=Q 52. Rxa1 Bxa1 53. e7 Re8 54. Bg6 Rh6 55. Kd7 Rxe7+ 56. Kxe7 Rxg6 0-1

[Event "Late-Titled-Tuesday-Blitz-March-19-2024"]
[Site "Chess.com"]
[Date "2024.03.19"]
[Round "3"]
[White "best926"]
[Black "MaiqMaster"]
[Result "0-1"]
[WhiteElo "2536"]
[BlackElo "2365"]
[TimeControl "180+1"]
[EndTime "14:29:16 PDT"]
[Termination "MaiqMaster won by resignation"]

1. e4 e5 2. Nf3 Nc6 3. Bb5 a6 4. Ba4 Nf6 5. O-O b5 6. Bb3 Be7 7.
d3 O-O 8. c3 d5 9. Nbd2 h6 10. h3 Re8 11. Re1 Bf8 12. Qe2 Bb7 13. Nf1 dxe4 14. dxe4 Na5 15. Bc2 Nc4 16. Ng3 g6 17. b3 Nb6 18. Be3 Qe7 19. Rad1 Bg7 20. Bc1 Rad8 21. Rxd8 Rxd8 22. Rd1 c5 23. Be3 Rxd1+ 24.
Qxd1 Nfd7 25. Nh2 h5 26. Nf3 c4 27. b4 Nc8 28. a4 Qd6 29. Nd2 h4 30. Ngf1 Nf6 31.
Qa1 Qc7 32. Nh2 Nd6 33. f3 Nd7 34. Ng4 f5 35. exf5 gxf5 36. Nh2 e4 37. fxe4 Nxe4 38.
Nxe4 Bxe4 39. Bxe4 fxe4 40. Ng4 Ne5 41. Nf2 Nd3 42. Nxe4 Qe5 43. axb5 Qxe4 44. Bb6 axb5 45.
Kh1 Qe1+ 46. Qxe1 Nxe1 47. Bf2 Bxc3 48. Bxh4 Bxb4 49. Kg1 Nd3 50. Kf1 c3 51. Ke2 c2 52.
Bg5 c1=Q 53. Bxc1 Nxc1+ 54. Ke3 Bc5+ 55. Kd2 Nb3+ 56. Kc3 Nd4 57. g4 Ne6 58. h4 Kg7 0-1

[Event "Late-Titled-Tuesday-Blitz-March-19-2024"]
[Site "Chess.com"]
[Date "2024.03.19"]
[Round "3"]
[White "Chessbard1972"]
[Black "Boorchess"]
[Result "0-1"]
[WhiteElo "2318"]
[BlackElo "2562"]
[TimeControl "180+1"]
[EndTime "14:29:17 PDT"]
[Termination "Boorchess won on time"]

1. d4 d5 2. c4 e5 3. dxe5 d4 4.
Nf3 Nc6 5. g3 Nge7 6. Bg2 Ng6 7.
O-O Ngxe5 8. Nbd2 Be7 9. a3 a5 10. b3 O-O 11. Bb2 Nxf3+ 12. Nxf3 Bf6 13. Qd2 Bg4 14.
Rad1 Re8 15. Rfe1 Qd6 16. h3 Bxf3 17. Bxf3 Rad8 18. Bg2 Qc5 19. Qf4 Qb6 20. Bxc6 bxc6 21. Rd3 c5 22. Qf3 a4 23. Red1 axb3 24. Rxb3 Qa6 25. Rb5 Rb8 26. Qd3 c6 27. Rb3 Qa4 28. Rxb8 Rxb8 29. Bc1 h6 30. Bf4 Rb3 31. Qe4 Re3 32.
fxe3 Qxd1+ 33. Kf2 g5 34. Be5 dxe3+ 35. Qxe3 Bxe5 36. Qxe5 Qb3 37. Qxc5 Qa4 38. Qb4 Qa7+ 39. c5 Qd7 40. Qb8+ Kh7 41. Qd6 Qf5+ 42. Kg1 Qxh3 43.
Qe5 Qd7 44. e4 Qd1+ 45. Kg2 Qe2+ 46. Kg1 Qe3+ 47. Kf1 Qxa3 48. Qf5+ Kg8 49. Qc8+ Kg7 50. Qxc6 Qxg3 51. Qd5 Qf3+ 52. Ke1 Qe3+ 53. Kd1 Qf3+ 54. Kc2 Qf2+ 55. Kb3 g4 56. c6 Qe3+ 57. Kc4 Qe2+ 58. Kc5 Qc2+ 59. Kd6 f6 60. c7 g3 61. Kd7 g2 62. Qd4 Qc1 0-1

[Event "Late-Titled-Tuesday-Blitz-March-19-2024"]
[Site "Chess.com"]
[Date "2024.03.19"]
[Round "3"]
[White "GM_shahin"]
[Black "Keks2017"]
[Result "0-1"]
[WhiteElo "2883"]
[BlackElo "2566"]
[TimeControl "180+1"]
[EndTime "14:29:18 PDT"]
[Termination "Keks2017 won by checkmate"]

1. Nf3 Nf6 2. g3 g6 3. Bg2 Bg7 4. O-O O-O 5. d4 d6 6. Nc3 Nbd7 7. e4 e5 8. h3 c6 9. Be3 Qc7 10. a4 b6 11. Qd2 Bb7 12. Rfe1 a6 13. Bh6 b5 14. Nh4 exd4 15. Bxg7 Kxg7 16. Qxd4 c5 17. Qd2 b4 18. Nd5 Bxd5 19. exd5 Rae8 20. Qg5 Kh8 21.
Bf1 Qb7 22. Bg2 Ng8 23. Nf3 Ndf6 24. Nd2 Qd7 25. Nc4 Rxe1+ 26. Rxe1 Re8 27. Rxe8 Nxe8 28. a5 Ngf6 29. Qe3 Kg7 30. g4 h6 31. f4 Nc7 32. Nb6 Qe8 33. Kf2 Qxe3+ 34. Kxe3 g5 35. fxg5 hxg5 36. c4 Kf8 37. Nc8 Nce8 38. Be4 Nd7 39.
Bf5 Ne5 40. b3 f6 41. Be6 Kg7 42. Ke4 Kf8 43. Kf5 Nd3 44. Bd7 Nc1 45. Ba4 Kf7 46.
Bxe8+ Kxe8 47. Nxd6+ Ke7 48. Ne4 Nxb3 49. d6+ Kd7 50.
Kxf6 Nxa5 51. Kxg5 Nxc4 52. h4 b3 53. h5 b2 54. Nc3 Nxd6 55. Kf6 Ne4+ 56. Nxe4 b1=Q 57. Nxc5+ Kc6 58. Ne6 Qb2+ 59. Kf5 Kd6 60. Nf4 Qe5+ 61. Kg6 Qxf4 62. g5 Ke7 63. h6 Qf7# 0-1

[Event "Late-Titled-Tuesday-Blitz-March-19-2024"]
[Site "Chess.com"]
[Date "2024.03.19"]
[Round "3"]
[White "ilushka"]
[Black "BrandonJiang123456"]
[Result "0-1"]
[WhiteElo "2380"]
[BlackElo "2164"]
[TimeControl "180+1"]
[EndTime "14:29:18 PDT"]
[Termination "BrandonJiang123456 won on time"]

1. e4 e5 2. Nf3 Nc6 3. Bb5 f5 4. d3 fxe4 5. dxe4 Nf6 6. O-O Bc5 7. Bc4 Qe7 8. Nc3 d6 9. Bg5 Be6 10. Nd5 Bxd5 11. exd5 Nd8 12. Bb5+ c6 13. dxc6 bxc6 14. Bc4 Ne6 15. Bh4 h6 16. c3 d5 17. Bb3 e4 18. Nd4 Nxd4 19. cxd4 Bd6 20. Ba4 Rc8 21.
Rc1 Qe6 22. Bxc6+ Rxc6 23. Rxc6 Bxh2+ 24. Kxh2 Qxc6 25. Bxf6 Qxf6 26. Qh5+ Qf7 27. Qe5+ Kd7 28. Rc1 Rc8 29. Rxc8 Kxc8 30. b4 Qxf2 31. Qe6+ Kc7 32. Qe7+ Kc8 33. Qc5+ Kb8 34. Qd6+ Kc8 35. Qe6+ Kb8 36.
Qg8+ Kc7 37. Qxg7+ Kb6 38. Qxh6+ Kb5 39. Qd6 Qxd4 40.
g4 e3 41. Qe6 Qd2+ 42. Kg1 e2 43. Qd7+ Kxb4 44. Qd6+ Kc3 45. Qa3+ Kd4 46. Qxa7+ Ke4 47. Qe7+ Kd3 48. Qh7+ Kc3 49. Qc7+ Kb2 50. Qb6+ Kc1 51. Qc6+ Kd1 52. Qa4+ Qc2 53. Qd4+ Kc1 54. Qe3+ Qd2 55. Qa3+ Kb1 56. Qb3+ Ka1 57. Qc3+ Qxc3 0-1

[Event "Late-Titled-Tuesday-Blitz-March-19-2024"]
[Site "Chess.com"]
[Date "2024.03.19"]
[Round "3"]
[White "GMKrikor"]
[Black "fen_fire"]
[Result "1-0"]
[WhiteElo "2816"]
[BlackElo "2530"]
[TimeControl "180+1"]
[EndTime "14:29:22 PDT"]
[Termination "GMKrikor won on time"]

1. Nf3 a6 2. e4 e6 3. d4 d5 4.
Nbd2 Nf6 5. e5 Nfd7 6. Bd3 c5 7.
c3 Nc6 8. O-O b5 9. Re1 Be7 10.
Bc2 Qb6 11. Nf1 a5 12. Ng3 g6 13. h4 b4 14. h5 Ba6 15. Be3 cxd4 16. cxd4 O-O-O 17.
Rc1 Kb8 18. h6 Rc8 19. Bb1 Rc7 20. Ne2 Bxe2 21. Qxe2 Rhc8 22. Bd3 Na7 23. Rxc7 Rxc7 24. Qd2 Rc6 25. Bg5 Qd8 26. Bxe7 Qxe7 27. Qf4 Rc7 28.
Ng5 Nf8 29. g3 Kb7 30. Kg2 Kb6 31. a3 Nb5 32. axb4 axb4 33. Ra1 b3 34. Ra8 Ra7 35. Rxf8 Qxf8 36. Nxh7 Qh8 37. Nf6 Ra4 38. Bxb5 Kxb5 39. h7 Rc4 40. Qe3 Kb4 41. Qd2+ Ka4 42. Qe1 Rc2 43.
Qa1+ Kb5 44. Qa3 Kc4 45. Qa4+ Kd3 46. Qxb3+ Kd2 47. Qb7 Rc1 48. Qxf7 Qa8 49. Qg8 Qa1 50. h8=Q Rg1+ 51. Kf3 Qd1+ 52. Kf4 Qe2 53. Kg5 Qxf2 54.
Kxg6 Rxg3+ 55. Kf7 Rxg8 56. Qxg8 Qxd4 57. Kxe6 Qxb2 58.
Qg2+ Kc3 59. Qxb2+ Kxb2 60. Kxd5 1-0

[Event "Late-Titled-Tuesday-Blitz-March-19-2024"]
[Site "Chess.com"]
[Date "2024.03.19"]
[Round "3"]
[White "SRob2003"]
[Black "maksimys18"]
[Result "0-1"]
[WhiteElo "2680"]
[BlackElo "2521"]
[TimeControl "180+1"]
[EndTime "14:29:23 PDT"]
[Termination "maksimys18 won by checkmate"]

1. c4 e6 2. g3 d5 3. Bg2 Nf6 4. Nf3 Be7 5. O-O O-O 6. b3 b6 7.
Bb2 Bb7 8. e3 Nbd7 9. Nc3 dxc4 10. bxc4 c5 11. d4 cxd4 12. exd4 Rc8 13. Qe2 Ba6 14. Nd2 Re8 15. Nb5 Bxb5 16. cxb5 Nd5 17. Rac1 Rxc1 18. Rxc1 N7f6 19. Nf3 Bd6 20. Ne5 Bxe5 21.
dxe5 Nd7 22. Bxd5 exd5 23. Qg4 Nc5 24. Rd1 Ne6 25. Qf3 d4 26. Qc6 d3 27. Qc4 Nc5 28. Bd4 Qe7 29. Bxc5 bxc5 30. f4 h5 31. Rxd3 h4 32.
Rd5 hxg3 33. hxg3 Qe6 34. Qxc5 Rc8 35. Qd4 Rc1+ 36. Kf2 Qh3 37. Rd8+ Kh7 38. Qd3+ g6 39. Rd7 Qh2+ 40. Kf3 Qh1+ 41. Ke3 Re1+ 42. Kd4 Rd1 43. Rxf7+ Kg8 44. Rf6 Rxd3+ 45. Kxd3 Qf3+ 46. Kd4 Qxg3 47. Kd5 Qd3+ 48. Kc6 Kg7 49. a4 Qc4+ 50. Kd6 Qxa4 51. Kc5 Qc2+ 52. Kb4 Qe4+ 53. Kc5 g5 54. fxg5 Qxe5+ 55. Kb4 Qxg5 56. Rc6 Qe3 57. Rc7+ Kf6 58. Rc6+ Ke5 59.
Ka4 Kd5 60. Kb4 Qe2 61. Rc5+ Kd4 62. Rc6 Qb2+ 63. Ka4 Kd5 64. Rc7 Qd4+ 65. Kb3 Qe3+ 66. Kb4 Qf4+ 67. Ka5 Qxc7+ 68. Ka6 Qb6# 0-1

[Event "Late-Titled-Tuesday-Blitz-March-19-2024"]
[Site "Chess.com"]
[Date "2024.03.19"]
[Round "3"]
[White "Alexei_Gubajdullin"]
[Black "DucksParadise"]
[Result "0-1"]
[WhiteElo "2646"]
[BlackElo "2505"]
[TimeControl "180+1"]
[EndTime "14:29:26 PDT"]
[Termination "DucksParadise won on time"]

1. d4 Nf6 2. Nf3 d5 3. Bf4 c5 4. e3 Nc6 5. Nbd2 Nh5 6. Be5 cxd4 7. Bxd4 Nxd4 8. Nxd4 Nf6 9. Bb5+ Bd7 10. c4 Bxb5 11. Nxb5 a6 12. Nc3 e6 13. O-O Be7 14. Qb3 dxc4 15. Nxc4 b5 16. Rfd1 Qc7 17. Nxb5 axb5 18. Qxb5+ Nd7 19. a4 Rd8 20. a5 O-O 21.
b4 Nf6 22. Nb6 Rxd1+ 23. Rxd1 Rd8 24. Rxd8+ Bxd8 25. Nc4 Kf8 26. g3 Ke7 27. a6 Nd5 28. Kg2 Nc3 29. Qc5+ Qxc5 30. bxc5 Nb5 31. c6 Bc7 32. f4 Na7 33. Kf3 Nxc6 34. Ke4 f5+ 35. Kf3 Kd8 36. e4 Kc8 37. exf5 exf5 38. h4 Kb8 39. h5 Ka7 40. Ne3 Nd4+ 41. Kg2 Kxa6 42. Kh3 Kb5 43. h6 g6 44. Nd5 Bd8 45. g4 Kc6 46.
Ne3 Kd6 47. Nc4+ Ke6 48. Ne5 Bf6 49. Nf3 fxg4+ 50. Kxg4 Nf5 51. Kh3 Nxh6 52. Nd2 Kf5 53. Kg3 Nf7 54. Nc4 g5 55. fxg5 Kxg5 56. Kh3 Be5 57.
Ne3 h5 58. Nd5 Bd6 0-1

[Event "Late-Titled-Tuesday-Blitz-March-19-2024"]
[Site "Chess.com"]
[Date "2024.03.19"]
[Round "3"]
[White "Heliosis11"]
[Black "Lion-Al-Messi"]
[Result "1-0"]
[WhiteElo "2252"]
[BlackElo "2572"]
[TimeControl "180+1"]
[EndTime "14:29:26 PDT"]
[Termination "Heliosis11 won on time"]

1. e4 e6 2. d4 d5 3. Nc3 Nf6 4. e5 Nfd7 5. f4 c5 6. Nf3 Nc6 7. Be3 a6 8. Qd2 b5 9. dxc5 Bxc5 10.
Nd4 Qb6 11. Nce2 Bb7 12. O-O-O Rc8 13. Kb1 Na5 14. Nc3 Nc4 15. Bxc4 bxc4 16. Na4 Qb4 17. Nxc5 Qxd2 18. Rxd2 Nxc5 19. c3 Nd3 20. Ne2 O-O 21.
Nc1 d4 22. Bxd4 Be4 23. Nxd3 Bxd3+ 24. Ka1 a5 25. g4 a4 26. a3 f6 27. exf6 gxf6 28.
Rg1 e5 29. fxe5 fxe5 30. Bxe5 Rce8 31. Bd4 Rf3 32. h4 Ref8 33. Rdd1 Rh3 34. h5 Rh2 35. Rde1 Rb8 36. Be5 Rhxb2 37. Bxb8 Rxb8 38. Ka2 Rf8 39. g5 Rf2+ 40. Ka1 Rc2 41. Rc1 Rh2 42. h6 Kf7 43.
Rg4 Kg6 44. Rg3 Rf2 45. Rgg1 Rf5 46. Rce1 Rb5 47. Re6+ Kf5 48. g6 hxg6 49. h7 Rb8 50.
Rexg6 Rh8 51. Rh6 Kf4 52. Rg7 Ke3 53. Re7+ Kd2 54. Rg7 Kxc3 55. Ka2 Rb8 56. Rg2 Rh8 57. Rgh2 Bc2 58. R6h3+ Kd4 59. Rxc2 Ke4 60. Rh4+ Kf5 61. Rcxc4 Kg5 62. Rxa4 Kf5 63. Rag4 Kf6 64. Rg8 Kf7 65.
Rxh8 Kg7 66. Rg8+ 1-0

[Event "Late-Titled-Tuesday-Blitz-March-19-2024"]
[Site "Chess.com"]
[Date "2024.03.19"]
[Round "3"]
[White "cthulhuuu"]
[Black "stolencandy13"]
[Result "1/2-1/2"]
[WhiteElo "2416"]
[BlackElo "2548"]
[TimeControl "180+1"]
[EndTime "14:29:26 PDT"]
[Termination "Game drawn - insufficient material"]

1. e4 c6 2. d3 d5 3. Nd2 e5 4. Ngf3 Bd6 5. d4 exd4 6. exd5 cxd5 7. Nxd4 Nf6 8. Bb5+ Bd7 9. Qe2+ Qe7 10. Qxe7+ Bxe7 11.
O-O O-O 12. Re1 Bd6 13. N2b3 a6 14. Bd3 Nc6 15. Nxc6 bxc6 16. Be3 a5 17. Bc5 Bxc5 18. Nxc5 Bc8 19. a4 Nd7 20. Nxd7 Bxd7 21. Re7 Be6 22.
f4 g6 23. Kf2 Rab8 24. b3 c5 25. Bb5 c4 26. bxc4 dxc4 27. Rd1 Rfd8 28. Rxd8+ Rxd8 29. Re8+ Rxe8 30. Bxe8 Kf8 31. Bb5 Ke7 32. Ke3 Kd6 33. Kd4 c3 34. Kxc3 Kc5 35. h4 h6 36.
Be2 f6 37. Bb5 g5 38. fxg5 fxg5 39. hxg5 hxg5 40. g3 Bf5 41. Kd2 Be6 42. c3 Bb3 43. Ke3 Bc2 44. Bd7 Kc4 45. Kd2 Be4 46. Bb5+ Kc5 47.
Ke3 Bb1 48. Kf3 Bf5 49. Ke3 Kd5 50. c4+ Kc5 51. Kf3 Bd3 52. Kg4 Bxc4 53. Bxc4 Kxc4 54. Kxg5 Kb4 55. Kf5 Kxa4 56. g4 Kb4 57. g5 a4 58. g6 a3 59. g7 a2 60. g8=Q a1=Q 61. Qb8+ Kc4 62. Qc7+ Kd3 63. Qd6+ Kc2 64. Qc5+ Kd2 65.
Qd5+ Kc2 66. Qe4+ Kb3 67. Qd5+ Kb4 68. Qd6+ Kb5 69. Qe5+ Qxe5+ 70. Kxe5 1/2-1/2

[Event "Late-Titled-Tuesday-Blitz-March-19-2024"]
[Site "Chess.com"]
[Date "2024.03.19"]
[Round "3"]
[White "profedechess93"]
[Black "Misterfox120"]
[Result "1/2-1/2"]
[WhiteElo "2638"]
[BlackElo "2457"]
[TimeControl "180+1"]
[EndTime "14:29:27 PDT"]
[Termination "Game drawn by repetition"]

1. e4 c6 2. d4 d5 3. Nc3 dxe4 4. Nxe4 Nf6 5. Nxf6+ exf6 6. c3 Bd6 7. Bd3 O-O 8.
Qc2 Re8+ 9. Ne2 h5 10. Be3 Nd7 11. O-O-O Nf8 12. h3 Be6 13. g4 Bd5 14. Rhg1 h4 15.
g5 Bh2 16. gxf6 Qxf6 17. Rge1 b5 18. Kb1 a5 19. Qd2 a4 20. Nf4 Be4 21. Bxe4 Rxe4 22. Nd3 Qf5 23. Ka1 Bd6 24. Rh1 Ng6 25. Qc2 Rae8 26.
Nc5 Bxc5 27. dxc5 R8e6 28. Rd8+ Kh7 29. Qd1 Ne5 30. Rg1 Nc4 31. Bd4 f6 32. a3 Re2 33.
Rd7 Re7 34. Rxe7 Rxe7 35. f4 Re4 36. Qd3 Rxf4 37. Qd1 Rf3 38. Qe1 Ne5 39. Qxh4+ Kg8 40. Qe1 Nd3 41. Qe8+ Kh7 42. Qe2 Ne5 43. Bxe5 fxe5 44.
h4 e4 45. h5 e3 46. h6 gxh6 47. Qg2 Qf7 48. Qc2+ Kh8 49. Qd1 Rf2 50. Qd4+ Kh7 51.
Qe4+ Kh8 52. Qe5+ Kh7 53. Qe4+ Kh8 54. Re1 Rf1 55. Qe5+ Kh7 56. Qe4+ Kh8 57. Qe5+ Kh7 58. Qxe3 Rxe1+ 59. Qxe1 Qd5 60. Qe7+ Kg6 61. Qe8+ Kg7 62.
Qe7+ Kg6 63. Qe8+ Kg7 64. Qe7+ Kg6 1/2-1/2

[Event "Late-Titled-Tuesday-Blitz-March-19-2024"]
[Site "Chess.com"]
[Date "2024.03.19"]
[Round "3"]
[White "Malev212"]
[Black "dretch"]
[Result "0-1"]
[WhiteElo "2634"]
[BlackElo "2873"]
[TimeControl "180+1"]
[EndTime "14:29:31 PDT"]
[Termination "dretch won on time"]

1. e4 e6 2. d4 d5 3. Nc3 Nf6 4. Bg5 dxe4 5. Nxe4 Be7 6. Bxf6 Bxf6 7. Nf3 Nd7 8. c3 O-O 9. Bd3 e5 10. Nxf6+ Qxf6 11. Qc2 exd4 12. Bxh7+ Kh8 13. Be4 dxc3 14. bxc3 Nc5 15.
O-O Re8 16. Bd5 Bf5 17. Qb2 Rad8 18. Bc4 Be4 19. Nd4 Na4 20. Qa3 Nxc3 21. Qxc3 Rxd4 22.
Bxf7 Bxg2 23. Rfe1 Rxe1+ 24. Rxe1 Bc6 25. Qh3+ Rh4 26.
Qc8+ Kh7 27. Bg8+ Kh6 28. Re6 Rg4+ 29. Kf1 Bg2+ 30. Ke1 Re4+ 31. Rxe4 Bxe4 32. Qh3+ Kg6 33. Bh7+ Kf7 34. Bxe4 Qa1+ 35. Ke2 Qxa2+ 36. Ke3 Qb3+ 37.
Bd3 Qb6+ 38. Kf3 Qf6+ 39. Kg2 Qg5+ 40. Qg3 Qd5+ 41. Qf3+ Qxf3+ 42. Kxf3 Ke6 43. Ke4 a5 44. Bc4+ Kd6 45. f4 a4 46. h4 c6 47. f5 b5 48.
Bg8 b4 49. h5 Ke7 50. Ke5 b3 51. Bc4 b2 52. Ba2 a3 53. f6+ gxf6+ 54. Kf5 c5 55. Kg6 c4 56. h6 c3 57. h7 c2 58. h8=Q c1=Q 59. Qxf6+ Kd7 60. Be6+ Kc7 61. Qe7+ Kc6 62. Qd7+ Kc5 63. Qd5+ Kb6 64. Qb3+ Kc6 65. Qd5+ Kb6 66.
Qb3+ Kc7 0-1

[Event "Late-Titled-Tuesday-Blitz-March-19-2024"]
[Site "Chess.com"]
[Date "2024.03.19"]
[Round "3"]
[White "tarno17"]
[Black "IngOscarArdila"]
[Result "1-0"]
[WhiteElo "2189"]
[BlackElo "2387"]
[TimeControl "180+1"]
[EndTime "14:29:31 PDT"]
[Termination "tarno17 won on time"]

1. e4 e5 2. Nf3 Nf6 3. Nxe5 d6 4.
Nf3 Nxe4 5. d3 Nf6 6. d4 Bg4 7. Be2 Be7 8. O-O O-O 9. d5 Nbd7 10.
c4 a5 11. Nc3 Re8 12. b3 Nc5 13. Bb2 Qd7 14. h3 Bh5 15. Re1 Bf8 16. Ng5 Bg6 17. Nb5 Nfe4 18. Nxe4 Rxe4 19. Bg4 f5 20.
Bf3 Rxe1+ 21. Qxe1 Nd3 22. Qd2 Nxb2 23. Qxb2 Be7 24.
Re1 Bf6 25. Qd2 h6 26. Nd4 a4 27.
b4 Re8 28. Ne6 c6 29. Qd1 Bc3 30. Re3 Bxb4 31. Bh5 Bf7 32. Rg3 Bxe6 33. Bxe8 Qxe8 34.
dxe6 Qxe6 35. Qh5 Kh7 36. Re3 Qf6 37. Qe8 Bc5 38. Re1 f4 39. Qe7 Qxe7 40. Rxe7 b5 41. Rc7 bxc4 42. Kf1 c3 43. Ke2 Kg6 44. Rxc6 Kf5 45.
Kd3 Ke5 46. Rc7 g5 47. Rh7 Kd5 48. Rxh6 Bxf2 49. Rg6 Bh4 50. Rg7 c2 51. Kxc2 Ke4 52.
Rd7 d5 53. Kd2 Bf2 54. Ke2 Bc5 55. Rc7 Bb6 56. Rb7 Bg1 57. Rb4+ d4 58. Rxa4 g4 59. hxg4 Be3 60. g5 Kf5 61. Ra5+ Ke4 62. g6 d3+ 63.
Kd1 f3 64. gxf3+ Kxf3 65. g7 Bd4 66. g8=Q 1-0

[Event "Late-Titled-Tuesday-Blitz-March-19-2024"]
[Site "Chess.com"]
[Date "2024.03.19"]
[Round "3"]
[White "Goryachkina"]
[Black "KetiTsatsalashvili"]
[Result "1/2-1/2"]
[WhiteElo "2643"]
[BlackElo "2467"]
[TimeControl "180+1"]
[EndTime "14:29:34 PDT"]
[Termination "Game drawn - insufficient material"]

1. e4 c5 2. Nf3 d6 3. d4 cxd4 4. Nxd4 Nf6 5. Nc3 Nc6 6. f3 e5 7.
Nb3 Be7 8. Be3 Be6 9. Qe2 O-O 10. O-O-O a6 11. g4 Rc8 12. h4 Nb4 13. Kb1 Bxb3 14. cxb3 Qa5 15. h5 Rc7 16. g5 Nd7 17. a3 Rxc3 18. bxc3 Qxa3 19. Qb2 Qxb2+ 20. Kxb2 Nc6 21. Bc4 Rc8 22. g6 Nd8 23. Bd5 Rc7 24. f4 exf4 25. Bxf4 Bf6 26. Rh3 Ne5 27. Bxe5 Bxe5 28.
gxf7+ Kf8 29. Rf1 Nc6 30. Kb1 Ne7 31. c4 Nxd5 32. exd5 h6 33. Rhf3 Re7 34. Kc2 b5 35.
Kd3 bxc4+ 36. bxc4 Rb7 37. Ke4 a5 38. Kf5 Kxf7 39. Ra3 Ra7 40. Rf2 Bf6 41. Rfa2 Rc7 42. Rxa5 Rxc4 43. Ra7+ Kg8 44. Ke6 Be5 45. Ra8+ Kh7 46.
Re8 Rh4 47. Kf7 Rxh5 48. Raa8 Rf5+ 49. Ke6 Rf6+ 50. Kd7 h5 51. Kc7 Kg6 52. Rxe5 dxe5 53. d6 Rf3 54. d7 Rc3+ 55. Kd6 Rd3+ 56. Ke6 Kg5 57. d8=Q+ Rxd8 58. Rxd8 h4 59. Kxe5 h3 60. Ke4 Kg4 61. Rh8 g5 62. Ke3 Kg3 63. Ke4 g4 64. Kf5 h2 65. Rxh2 Kxh2 66. Kxg4 1/2-1/2

[Event "Late-Titled-Tuesday-Blitz-March-19-2024"]
[Site "Chess.com"]
[Date "2024.03.19"]
[Round "3"]
[White "TacticsWizards"]
[Black "jaskol95"]
[Result "1/2-1/2"]
[WhiteElo "2274"]
[BlackElo "2502"]
[TimeControl "180+1"]
[EndTime "14:29:35 PDT"]
[Termination "Game drawn by repetition"]

1. d4 e6 2. c4 f5 3. g3 Nf6 4.
Bg2 Be7 5. Nf3 O-O 6. O-O d6 7. Nc3 Qe8 8. Re1 Qg6 9. Qb3 Ne4 10. Nd2 Nxc3 11. Qxc3 Bf6 12. e4 e5 13. exf5 Qxf5 14. d5 e4 15. Qe3 Bg5 16. Qe2 e3 17. fxe3 Nd7 18. Nf3 Ne5 19. Nd4 Qg6 20. Ne6 Bxe6 21. dxe6 c6 22. Bd2 Qxe6 23. b3 Rae8 24. Rf1 Ng4 25.
Rxf8+ Rxf8 26. Rf1 Bxe3+ 27. Kh1 Rxf1+ 28. Bxf1 Qe4+ 29. Bg2 Qb1+ 30. Bf1 Qe4+ 31. Bg2 Qd4 32. Bf3 Nf2+ 33. Kg2 Qxd2 34. Qxd2 Bxd2 35. Kxf2 Kf7 36. Bg4 Kf6 37. Bc8 b6 38. Bb7 c5 39. Ke2 Bc3 40. Kd3 Bd4 41. Be4 h6 42. h3 Bf2 43. g4 Ke5 44.
g5 hxg5 45. Bf3 Kf4 46. Bg4 Ke5 47. Bd7 d5 48. Bg4 Bd4 49. a4 dxc4+ 50. Kxc4 Ke4 51. Bc8 Ke3 52. Bg4 Kd2 53. Bc8 Kc2 54. Bg4 Kb2 55.
Bf5 a6 56. Be6 g6 57. Bf7 Ka3 58. Bxg6 b5+ 59. axb5 axb5+ 60. Kxb5 Kxb3 61. Bh5 Kc3 62. Bf7 Kd3 63. Bc4+ Ke3 64. Be6 Kf4 65. Kc4 Ke5 66.
Bg4 Kf4 67. Bc8 Ke5 68. Bg4 Kf4 69. Bc8 Kg3 70. Bg4 Kf4 1/2-1/2

[Event "Late-Titled-Tuesday-Blitz-March-19-2024"]
[Site "Chess.com"]
[Date "2024.03.19"]
[Round "3"]
[White "dennisodessa"]
[Black "HamedWafa4"]
[Result "0-1"]
[WhiteElo "2530"]
[BlackElo "2825"]
[TimeControl "180+1"]
[EndTime "14:29:38 PDT"]
[Termination "HamedWafa4 won by resignation"]

1. d4 g6 2. c4 Bg7 3. e4 d6 4. Nc3 Nc6 5. Be3 Nf6 6. f3 Nd7 7. Qd2 e5 8. d5 Nd4 9. Nge2 Qh4+ 10. Bf2 Qf6 11. Nxd4 exd4 12. Nb5 O-O 13. Nxc7 Rb8 14. Nb5 a6 15. Nxd4 Ne5 16. Be2 h5 17. O-O h4 18. h3 Kh7 19. f4 Nd7 20. Rae1 Nc5 21. Bd1 Re8 22. Bc2 Bd7 23. b4 Na4 24. Nc6 Bxc6 25.
dxc6 Nb2 26. Bb3 Qc3 27. Qxc3 Bxc3 28. Rc1 Bxb4 29. cxb7 Nd3 30. Rb1 Nxf2 31. Kxf2 Rxe4 32. Kf3 f5 33. Ba4 Rxc4 34. Rfc1 Rxc1 35. Rxc1 Rxb7 36. Rb1 Rb6 37. a3 Bc5 38. Rxb6 Bxb6 39. Bb3 Bc5 40.
a4 Kg7 41. g4 hxg3 42. Kxg3 Kf6 43. Bd5 a5 44. Kf3 Bb4 45. Kf2 Bd2 46. Kf3 g5 47.
fxg5+ Bxg5 48. Bc6 Ke5 49. Ke2 d5 50. Kd3 f4 51. Ke2 Ke4 52. Bb7 f3+ 53. Kf1 Be3 54. Bc6 Kd4 55. h4 Kc5 56. Be8 d4 57. Bg6 Kb4 58.
h5 Kxa4 59. h6 Bxh6 60. Kf2 Be3+ 61. Kxf3 Kb3 62. Ke2 a4 63. Bf7+ Kb2 64. Kd1 a3 0-1